 Dungeon Crawl Stone Soup version 0.20.0-15-g7f486f2 (webtiles) character file.

36 Iskender the Magician (level 3, 0/26 HPs)
             Began as a Mummy Wanderer on June 30, 2017.
             Slain by a bat (1 damage)
             ... on level 2 of the Dungeon.
             The game lasted 00:05:48 (973 turns).

Iskender the Magician (Mummy Wanderer)               Turns: 973, Time: 00:05:48

Health: 0/26       AC:  7    Str: 17    XL:     3   Next: 19%
Magic:  8/8        EV:  9    Int: 11    God:
Gold:   32         SH:  3    Dex: 10    Spells: 10/10 levels left

rFire    x . .     SeeInvis .   a - +0 hand axe
rCold    + . .     Gourm    .   (no shield)
rNeg     + + +     Faith    .   i - +0 scale mail
rPois    ∞         Spirit   .   (no helmet)
rElec    .         Reflect  +   (no cloak)
rCorr    .         Harm     .   j - +0 pair of gloves
MR       .....                  (no boots)
Stlth    ..........             e - +3 amulet of reflection
Regen    0.1/turn               (no ring)
MPRegen  0.2/turn               (no ring)

@: no status effects
A: no food or potions, fire vulnerability, cold resistance 1, negative energy
resistance 3, torment resistance, unbreathing
a: no special abilities


You were on level 2 of the Dungeon.
You were not hungry.

You visited 1 branch of the dungeon, and saw 2 of its levels.

You collected 32 gold pieces.

Inventory:

Hand Weapons
 a - a +0 hand axe (weapon)
 b - a +2 shortbow
 p - a +0 hand axe
 s - a +0 hunting sling
Missiles
 f - 8 curare-tipped needles
 g - 49 arrows
 k - 13 poisoned needles
 l - 17 sling bullets
 m - 51 stones (quivered)
Armour
 c - a +0 ring mail
 i - a +0 scale mail (worn)
 j - a +0 pair of gloves (worn)
Jewellery
 e - a +3 amulet of reflection (around neck)
Scrolls
 h - a scroll of blinking {unknown}
 n - a scroll of identify {unknown}
 o - a scroll of remove curse
 q - a scroll of fear {unknown}
 r - a scroll of fog {unknown}


   Skills:
 - Level 1.1 Fighting
 + Level 2.0 Axes
 - Level 1.5 Bows
 - Level 1.0 Armour
   Level 1.0 Shields
 - Level 4.0 Spellcasting
   Level 1.0 Translocations
   Level 1.0 Poison Magic
   Level 1.0 Evocations


You had 10 spell levels left.
You didn't know any spells.

Dungeon Overview and Level Annotations

Branches:
Dungeon (2/15)

Altars:

Annotations:
D:2 Natasha


Innate Abilities, Weirdness & Mutations

You do not eat or drink.
Your flesh is vulnerable to fire.
You are immune to poison.
Your flesh is cold resistant. (rC+)
You are immune to negative energy. (rN+++)
You are immune to unholy pain and torment.
You can survive without breathing.


Message History

* * * LOW HITPOINT WARNING * * *
As you read the scroll of teleportation, it crumbles to dust.
You feel strangely unstable.
The white imp hits you but does no damage.
Natasha claws you.
* * * LOW HITPOINT WARNING * * *
Natasha barely misses you.
Your surroundings suddenly seem different.
The bat hits you but does no damage. x2
A bat comes into view.
You hit the bat but do no damage. You block the bat's attack. The bat hits you.
* * * LOW HITPOINT WARNING * * *
The bat hits you but does no damage.
As you read the scroll labeled MOTWAY USOCS, it crumbles to dust.
You feel blessed for a moment.
It was a scroll of remove curse.
The bat hits you but does no damage.
You hit the bat but do no damage. The bat hits you but does no damage.
The bat closely misses you. The bat hits you.
You die...

# ### #.. #.#
#.. #)#
#.############
###..
#....@b.......
....#
#.##########.#
#.##. #.###
#.##. # #.###
...##.##.###
#..........
#.##.##.###
##....##)#


You could see a bat.

Vanquished Creatures
  An ooze (D:1)
  2 worms (D:2)
  A dart slug (D:1)
  2 bats (D:1)
  A giant cockroach (D:2)
  2 goblins (D:2)
  4 hobgoblins (D:1)
  4 jackals (D:1)
  2 kobolds
  A frilled lizard (D:2)
20 creatures vanquished.

Notes
Turn   | Place    | Note
-------+----------+-------------------------------------------
     0 | D:1      | Iskender the Mummy Wanderer began the quest for the Orb.
     0 | D:1      | Iskender set off with: a +2 shortbow, 22 arrows, a +0 ring mail, a scroll of teleportation
     0 | D:1      | Reached XP level 1. HP: 13/13 MP: 5/5
   111 | D:1      | Reached skill level 1 in Fighting
   336 | D:1      | Reached XP level 2. HP: 21/21 MP: 7/7
   356 | D:1      | Reached skill level 1 in Axes
   708 | D:2      | Reached XP level 3. HP: 21/26 MP: 8/8
   956 | D:2      | Noticed Natasha
   966 | D:2      | HP: 1/26 [Natasha (1)]
   973 | D:2      | Slain by a bat

Skill      XL: |  1  2  3 |
---------------+----------+-----
Fighting       | 1 |  1.1
Axes           | 1 2 |  2.0
Bows           | |  1.5
Armour         | |  1.0
Shields        | |  1.0
Spellcasting   | |  4.0
Translocations | |  1.0
Poison Magic   | |  1.0
Evocations     | |  1.0

Action                   || total
-------------------------++-------
Melee: Hand axe          ||    67
 Fire: Shortbow          ||    15
  Use: Scroll            ||     2
Armor: Scale mail        ||    43
       Ring mail         ||     1
Dodge: Dodged            ||    44
Block: Other             ||     9
